 Dungeon Crawl Stone Soup version 0.30-a0-137-gd8773701ce (webtiles) character file.

Game seed: 10312744371607911483

59 Pilot the Digger (level 4, -1/25 HPs)
             Began as a Gargoyle Earth Elementalist on Sept 21, 2022.
             Slain by Sigmund
             ... wielding a +0 scythe
              (8 damage)
             ... on level 2 of the Dungeon.
             The game lasted 00:12:05 (1709 turns).

Pilot the Digger (Gargoyle Earth Elementalist)      Turns: 1709, Time: 00:12:06

Health: -1/25      AC:  7    Str: 12    XL:     4   Next: 3%
Magic:  0/7        EV: 12    Int: 17    God:
Gold:   115        SH:  0    Dex: 10    Spells: 6/7 levels left

rFire   + . .      SeeInvis .    k - +0 dagger (vamp)
rCold   . . .      Faith    .    (no shield)
rNeg    + . .      Spirit   .    (no body armour)
rPois   ∞          Reflect  .    (no helmet)
rElec   +          Harm     .    e - +2 cloak
rCorr   .          Rampage  .    (no gloves)
Will    .....                    l - +0 pair of boots
Stlth   ++........               (no amulet)
HPRegen 0.08/turn                c - ring of protection from fire
MPRegen 0.10/turn                (no ring)

@: no status effects
A: sickness immunity, AC +3, negative energy resistance 1, electricity
resistance, torment resistance 1, petrification resistance
a: no special abilities


You were on level 2 of the Dungeon.
You visited 1 branch of the dungeon, and saw 2 of its levels.

You collected 115 gold pieces.

Inventory:

Hand Weapons
 k - a +0 vampiric dagger (weapon)
Missiles
 d - 4 atropa-tipped darts
 i - 21 stones
Armour
 a - a +0 robe
 e - a +2 cloak (worn)
 l - a +0 pair of boots (worn)
 m - an orb of guile
Magical Staves
 o - a staff of cold
Jewellery
 c - a ring of protection from fire (left hand)
Scrolls
 f - 2 scrolls of identify {unknown}
 h - 3 scrolls of teleportation {unknown}
Potions
 b - a potion of magic
 g - a potion of curing {unknown}
 j - a potion of haste {unknown}
 n - a potion of mutation {unknown}


   Skills:
 + Level 1.3 Fighting
 + Level 0.2 Throwing
 + Level 2.1 Dodging
 + Level 2.9 Stealth
 - Level 2.0 Spellcasting
 + Level 1.4 Transmutations
 + Level 4.1 Earth Magic


You had 6 spell levels left.
You knew the following spells:

 Your Spells              Type           Power      Damage    Failure   Level
a - Sandblast             Erth           30%        2d9       3%          1

Your spell library contained the following spells:

 Spells                   Type           Power      Damage    Failure   Level
 Passwall                 Tmut/Erth      9%         N/A       10%         2
 Wereblood                Tmut           6%         N/A       16%         2
 Stone Arrow              Conj/Erth      16%        3d8       26%         3
 Tukima's Dance           Hex            1%         N/A       50%         3
 Petrify                  Tmut/Erth      11%        N/A       52%         4
 Passage of Golubria      Tloc           1%         N/A       88%         4
 Yara's Violent Unravell  Hex/Tmut       2%         3d3       99%         5
 Summon Hydra             Summ           0%         N/A       100%        7
 Sublimation of Blood     Necr           Unusable   N/A       N/A         2

Dungeon Overview and Level Annotations

Branches:
Dungeon (2/15)

Altars:

Shops:
D:1 :

Annotations:
D:2 Sigmund


Innate Abilities, Weirdness & Mutations

You are immune to sickness and miasma.
Your stone body is resilient. (AC +3)
You are immune to poison.
You resist negative energy. (rN+)
You are resistant to electric shocks. (rElec)
You are resistant to unholy torment.
You are immune to petrification.


Message History

Casting: Sandblast (safe; 3% risk of failure)
Confirm with . or Enter, or press ? or * to list all spells.
You can't see any susceptible monsters within range! (Use Z to cast anyway.)
Casting: Sandblast (safe; 3% risk of failure)
Confirm with . or Enter, or press ? or * to list all spells.
Aiming: Sandblast (safe; 3% risk of failure)
Press: ? - help, Shift-Dir - straight line The blast of sand hits something!
Something hits you.
You hear some strange, mumbled words.
You are confused.
You bump into the rock wall.
A magic dart appears from out of thin air!
The magic dart hits you.
You bump into the rock wall.
You are too confused!
You are too confused!
You are too confused!
You are too confused!
You're too confused to move!
Something barely misses you.
You bump into the rock wall.
You bump into the rock wall.
You feel less confused. Something hits you but does no damage.
Casting: Sandblast (safe; 3% risk of failure)
Confirm with . or Enter, or press ? or * to list all spells.
You can't see any susceptible monsters within range! (Use Z to cast anyway.) Unknown command.
Casting: Sandblast (safe; 3% risk of failure)
Confirm with . or Enter, or press ? or * to list all spells.
Aiming: Sandblast (safe; 3% risk of failure)
Press: ? - help, Shift-Dir - straight line The blast of sand hits something!
Something hits you but does no damage.
Casting: Sandblast (safe; 3% risk of failure)
Confirm with . or Enter, or press ? or * to list all spells.
Aiming: Sandblast (safe; 3% risk of failure)
Press: ? - help, Shift-Dir - straight line The blast of sand hits something.
Something hits you.
* * * LOW HITPOINT WARNING * * *
Something hits you!
You die...

........# #......(##.##.#...
......#.########.......##....#...
......#.......##.............#...
.######.......##.##..........#...
## #.......##.# ####........#.
#.......##†# #......###.
#.......##.# #......# #.
##...#####.# #......###. ###.###
#@######......'... #...#
#.#....#......#### ###.#
#.#.##.#.......... #.#
#.#....#.#....####
####'###.####.#.#.####
#......#.####.#...#
#................##
#.........##.##.##
#....).##.>...#.#


There were no monsters in sight!

Vanquished Creatures
  An adder (D:2)
  A worm (D:2)
  4 dart slugs
  4 ball pythons
  7 endoplasms
  A giant cockroach (D:1)
  4 goblins
  2 hobgoblins (D:1)
  3 quokkas
  4 frilled lizards
  3 kobolds
  3 rats
37 creatures vanquished.

Notes
Turn   | Place    | Note
-------+----------+-------------------------------------------
     0 | D:1      | Pilot the Gargoyle Earth Elementalist began the quest for
                  | the Orb.
     0 | D:1      | Reached XP level 1. HP: 10/10 MP: 3/3
   131 | D:1      | Reached skill level 1 in Transmutations
   131 | D:1      | Reached XP level 2. HP: 16/16 MP: 1/5
   352 | D:1      | Reached skill level 1 in Fighting
   484 | D:1      | Reached XP level 3. HP: 20/20 MP: 4/6
   686 | D:1      | Reached skill level 4 in Earth Magic
   752 | D:1      | Found Plog's Book Shop.
  1152 | D:2      | Found a faded altar of an unknown god.
  1428 | D:2      | Noticed Sigmund
  1698 | D:2      | Reached XP level 4. HP: 18/25 MP: 2/7
  1709 | D:2      | Slain by Sigmund

Illustrated notes

Levels and vault maps discovered:
D:1:      dpeg_arrival_boxorama, layout_basic, serial_shops,
          nicolae_diamond_shop
D:2:      layout_basic, nicolae_ecumenical_oubliette, uniq_sigmund

Skill      XL: |  1  2  3 |
---------------+----------+-----
Transmutations | 1 |  1.4
Fighting       | 1 |  1.3
Earth Magic    | 4 |  4.1
Dodging        | 2 |  2.1
Throwing       | |  0.2
Stealth        | |  2.9
Spellcasting   | |  2.0

Action                   |  1- 3 |  4- 6 || total
-------------------------+-------+-------++-------
Melee: Unarmed           |    31 |       ||    31
       Punch             |     1 |       ||     1
       Dagger            |     4 |       ||     4
Throw: Dart              |     1 |       ||     1
 Cast: Sandblast         |    55 |     3 ||    58
Armor: Robe              |    12 |       ||    12
       Skin              |     4 |     2 ||     6
Dodge: Dodged            |    32 |     1 ||    33

Table legend: (Time is in decaauts)
 A = Elapsed time spent in this place.
 B = Non-inter-level travel time spent in this place.
 C = Inter-level travel time spent in this place.
 D = Time resting spent in this place.
 E = Time spent auto-exploring this place.
 F = Levels seen in this place.
 G = Mean time per level.
                   A        B        C        D        E       F      G
               +--------+--------+--------+--------+--------+-----+--------+
         Total |   1737 |   1158 |    579 |      0 |    726 |   2 |  868.5 |
       Dungeon |   1737 |   1158 |    579 |      0 |    726 |   2 |  868.5 |
               +--------+--------+--------+--------+--------+-----+--------+

Top non-repeatable levels by time:
     D:1: 1217 daAuts
     D:2: 520 daAuts
